 Dungeon Crawl Stone Soup version 0.18-a0-19-g8b99b3a (webtiles) character file.

5425 Duffy the Grappler (level 10, -6/92 HPs)
             Began as a Troll Fighter on Nov 1, 2015.
             Was an Elder of Cheibriados.
             Mangled by a blue devil (8 damage)
             ... on level 1 of the Abyss.
             The game lasted 00:13:05 (7955 turns).

Duffy the Grappler (Troll Fighter)                  Turns: 7955, Time: 00:13:05

Health: -6/92      AC:  6    Str: 37    XL:     10   Next: 40%
Magic:  18/18      EV:  9    Int: 20    God:    Cheibriados [****..]
Gold:   734        SH: 23    Dex: 20    Spells: 0 memorised, 9 levels left

rFire  + + .     SeeInvis .       - Unarmed
rCold  . . .     Clarity  .     a - +0 robe
rNeg   . . .     SustAt   .     u - +2 large shield
rPois  .         Gourm    +     (helmet restricted)
rElec  +         Spirit   .     I - +0 cloak
rCorr  .         Warding  .     (gloves unavailable)
rMut   .         Stasis   .     (boots unavailable)
MR     .....                    (no amulet)
Stlth  ..........               v - ring of loudness (curse)
                                H - ring of Mimat {rElec rF++ MP+9 Int+5 Stlth-}

@: very slow, not resistant to hostile enchantments, extremely unstealthy
A: unfitting armour, claws 3, fast metabolism 3, gourmand, regeneration 2,
shaggy fur 1, tough skin 2
a: Bend Time, Temporal Distortion, Slouch, Renounce Religion


You were on level 1 of the Abyss.
You worshipped Cheibriados.
Cheibriados was greatly pleased with you.
You were completely stuffed.

You visited 2 branches of the dungeon, and saw 11 of its levels.
You visited the Abyss 1 time.

You collected 734 gold pieces.


Innate Abilities, Weirdness & Mutations

You are too large for most types of armour.
You have claws for hands.
Your metabolism is lightning-fast.
You like to eat raw meat.
You heal very quickly.
You are covered in fur (AC +1).
You have very tough skin (AC +2).


   Skills:
 + Level 3.8 Fighting
 - Level 2.4 Dodging
 * Level 9.2 Shields
 + Level 11.0 Unarmed Combat


You had 9 spell levels left.
You didn't know any spells.

Inventory:

Hand Weapons
 w - a +0 blowgun
Missiles
 k - 405 stones (quivered)
 E - 14 tomahawks
 K - 4 poisoned needles
Armour
 a - a +0 robe (worn)
 u - a +2 large shield (worn)
 I - a +0 cloak (worn)
Jewellery
 p - an uncursed ring of flight
 v - a cursed ring of loudness (right claw)
 H - the ring of Mimat (left claw) {rElec rF++ MP+9 Int+5 Stlth-}

   [ring of intelligence]

   It affects your intelligence (+5).
   It greatly protects you from fire.
   It insulates you from electricity.
   It affects your magic capacity (+9).
   It makes you less stealthy.
 N - an uncursed ring of protection from cold
Wands
 G - a wand of fireball (12)
 O - a wand of polymorph (8)
Scrolls
 b - a scroll of recharging {unknown}
 e - 6 scrolls of remove curse
 i - a scroll of enchant armour {unknown}
 l - a scroll of amnesia {unknown}
 m - 2 scrolls of fear
 n - 2 scrolls of teleportation
 o - a scroll of magic mapping {unknown}
 q - a scroll of noise {unknown}
 s - 3 scrolls of immolation
 y - a scroll of random uselessness {unknown}
 F - 2 scrolls of enchant weapon {unknown}
 Q - a scroll of torment {unknown}
Potions
 c - 2 potions of might
 f - a potion of cure mutation
 g - 5 potions of curing
 r - 2 potions of heal wounds
 x - 2 potions of agility
 A - 2 potions of invisibility
 C - a potion of lignification
 D - 2 potions of flight
 J - 2 potions of cancellation
Comestibles
 d - 6 bread rations
 h - 5 beef jerkies
 j - 5 fruits
 z - 4 meat rations
 M - a royal jelly

Dungeon Overview and Level Annotations

Branches:
Dungeon (10/15)            Temple (1/1) D:5            Lair (0/8) D:8
    Orc (0/4) D:9

Altars:
Ashenzari
Cheibriados
Dithmenos
Elyvilon
Fedhas
Gozag
Kikubaaqudgha
Makhleb
Nemelex Xobeh
Okawaru
Qazlal
Ru
Sif Muna
Trog
Vehumet
Xom
Yredelemnul
Zin
The Shining One

Annotations:
D:10 Psyche


Message History

You closely miss the quicksilver dragon.
The quicksilver dragon is heavily wounded.
You block the quicksilver dragon's attack. x2
You barely miss the quicksilver dragon.
The quicksilver dragon is heavily wounded.
You block the quicksilver dragon's attack. x2
A blue devil comes into view.
You mangle the quicksilver dragon!!
The quicksilver dragon is severely wounded.
You block the quicksilver dragon's attack. x3
The quicksilver dragon claws you.
You barely miss the quicksilver dragon.
The quicksilver dragon is heavily wounded.
The quicksilver dragon breathes dispelling energy at you.
The bolt of dispelling energy hits you!
You closely miss the quicksilver dragon.
The quicksilver dragon is heavily wounded.
You block the quicksilver dragon's attack. x2
You closely miss the quicksilver dragon.
The quicksilver dragon is heavily wounded.
You block the quicksilver dragon's attack. x2
You block the small abomination's attack.
The quicksilver dragon bites you. The quicksilver dragon claws you.
You closely miss the quicksilver dragon.
The quicksilver dragon is heavily wounded.
The quicksilver dragon breathes dispelling energy at you.
You block the bolt of dispelling energy.
You block the small abomination's attack.
A small abomination comes into view.
You mangle the quicksilver dragon!!
The quicksilver dragon is almost dead.
You block the quicksilver dragon's attack. x2
The small abomination moves out of view.
The blue devil hits you!
You die...

x. # . .# .## .
#.# ..
##.##ยง.#. # .#
#....#..# #.#..
#D###..# # ###
#.@....# # . .
. .#4.##### . .
# .#..## ## .#
.. #.### #.##
..#
#...........#
#..###.#....##.
##.. .###. .#.#
..#.#... ...#
... #..#.# .#


You could see a quicksilver dragon and a blue devil.

Action                   |  1- 3 |  4- 6 |  7- 9 | 10-12 || total
-------------------------+-------+-------+-------+-------++-------
Melee: Unarmed           |    93 |   194 |   305 |    82 ||   674
  Use: Scroll            |       |       |     9 |     7 ||    16
 Stab: Sleeping          |       |     2 |     1 |       ||     3
       Paralysed         |       |     1 |       |       ||     1
  Eat: Chunk             |    14 |    19 |    31 |     5 ||    69

Notes
Turn   | Place    | Note
--------------------------------------------------------------
     0 | D:1      | Duffy the Troll Fighter began the quest for the Orb.
     0 | D:1      | Reached XP level 1. HP: 22/22 MP: 0/0
    57 | D:1      | Reached XP level 2. HP: 29/29 MP: 1/1
    89 | D:1      | Reached skill level 3 in Unarmed Combat
   610 | D:1      | Reached XP level 3. HP: 36/36 MP: 2/2
   934 | D:2      | Found a sacrificial altar of Ru.
   937 | D:2      | Reached skill level 4 in Unarmed Combat
   941 | D:2      | Reached XP level 4. HP: 42/44 MP: 3/3
  1164 | D:2      | Reached skill level 5 in Unarmed Combat
  1463 | D:2      | Found a basalt altar of Yredelemnul.
  1513 | D:3      | Reached XP level 5. HP: 47/50 MP: 4/4
  1801 | D:3      | Found a white marble altar of Elyvilon.
  1885 | D:3      | Noticed Robin
  1900 | D:3      | Killed Robin
  1900 | D:3      | Reached skill level 6 in Unarmed Combat
  1980 | D:3      | Found an iron altar of Okawaru.
  2453 | D:4      | Reached XP level 6. HP: 42/59 MP: 5/5
  2572 | D:4      | Reached skill level 7 in Unarmed Combat
  2633 | D:4      | Noticed emiel's ghost (weakling MiWn)
  2647 | D:4      | Killed emiel's ghost
  2963 | D:4      | Reached XP level 7. HP: 49/66 MP: 6/6
  3376 | D:5      | Entered Level 5 of the Dungeon
  3382 | D:5      | Found a staircase to the Ecumenical Temple.
  3391 | Temple   | Entered the Ecumenical Temple
  3548 | D:5      | Noticed Grinder
  3558 | D:5      | Paralysed by Grinder for 7 turns
  3579 | D:4      | Paralysed by Grinder for 3 turns
  3588 | D:4      | Paralysed by Grinder for 4 turns
  3596 | D:4      | Killed Grinder
  3596 | D:4      | Reached skill level 3 in Shields
  3655 | D:5      | Found a bloodstained altar of Trog.
  3766 | D:5      | Reached skill level 4 in Shields
  3766 | D:5      | Reached skill level 8 in Unarmed Combat
  3811 | D:5      | Found a snail-covered altar of Cheibriados.
  3822 | D:5      | Became a worshipper of Cheibriados the Contemplative
  3887 | D:5      | Found an iron altar of Okawaru.
  4217 | D:5      | Reached XP level 8. HP: 22/74 MP: 7/7
  4509 | D:6      | Reached skill level 5 in Shields
  4646 | D:6      | Reached skill level 9 in Unarmed Combat
  4753 | D:6      | Reached * piety under Cheibriados
  5055 | D:7      | Got a wavering ivory ring
  5056 | D:7      | Identified the ring of Mimat {rElec rF++ MP+9 Int+5 Stlth-} (You found it on level 7 of the Dungeon)
  5440 | D:7      | Noticed Pikel
  5462 | D:7      | Killed Pikel
  5462 | D:7      | Reached skill level 7 in Shields
  5462 | D:7      | Reached XP level 9. HP: 70/80 MP: 8/8
  5655 | D:8      | Reached ** piety under Cheibriados
  5683 | D:8      | Found a glowing silver altar of Zin.
  6016 | D:8      | Reached skill level 10 in Unarmed Combat
  6101 | D:8      | Found a staircase to the Lair.
  6103 | D:8      | Noticed a komodo dragon
  6121 | D:8      | Killed a komodo dragon
  6420 | D:8      | Reached skill level 8 in Shields
  7039 | D:9      | Reached *** piety under Cheibriados
  7122 | D:9      | Found a staircase to the Orcish Mines.
  7137 | D:9      | Reached XP level 10. HP: 89/89 MP: 9/9
  7165 | D:9      | Reached skill level 3 in Fighting
  7234 | D:9      | Reached **** piety under Cheibriados
  7748 | D:10     | Entered Level 10 of the Dungeon
  7753 | D:10     | Reached skill level 9 in Shields
  7800 | D:10     | Reached skill level 11 in Unarmed Combat
  7843 | D:10     | Noticed Psyche
  7845 | D:10     | Cast into the Abyss (Psyche)
  7925 | Abyss:1  | Found a stormy altar of Qazlal.
  7943 | Abyss:1  | Noticed a quicksilver dragon
  7955 | Abyss:1  | Mangled by a blue devil

Vault maps used:
D:1:      sevenhm_arrival_forest_fort_small_6
D:2:      nicolae_overflow_hidden_temple, nicolae_ru_great_annihilating_truth
D:3:      elyvilon_altar_4, okawaru_ov_weapons_minmay, uniq_robin
D:4:      mrwooster_statue_mirror
D:5:      grunt_temple_overflow_open, lemuel_doored_altar,
          minmay_temple_entry_glass, first_bread, uniq_grinder
D:7:      minmay_misc_feat_hallway, uniq_pikel
D:8:      lemuel_crystal_altar, david_lair_shrubbed
D:9:      hiddenorc2_lemuel
D:10:     uniq_psyche
Temple:   circular_temple_pool_12
Abyss:1:  minivault_25_ag

Vanquished Creatures
  Pikel
  An orange demon
  A komodo dragon
  2 two-headed ogres Grinder
  A wraith
  A wyvern
  3 hippogriffs
  5 ice beasts
  A water moccasin
  3 orc warriors
  2 ogres
  A sky beast
  2 phantoms
  A black bear
  A centaur
  A crocodile
  4 giant frogs
  2 scorpions
  A centaur zombie
  2 quasits
  2 crimson imps
  5 orc wizards
  A centaur skeleton
  4 jellies
  2 hounds
  6 worker ants
  5 orc priests
  A giant frog skeleton
  2 iguanas
  A killer bee zombie
  The ghost of emiel the Shooter, a weakling MiWn
  A hound zombie
  2 hound skeletons
  4 gnolls Robin
  9 adders
  A shadow imp
  An ooze
  2 worms
  4 giant geckos
  47 orcs
  7 bats
  6 giant cockroaches
  15 goblins
  7 hobgoblins
  14 jackals
  8 quokkas
  A ball python
  6 giant newts
  10 kobolds
  A quokka skeleton
  10 rats
  A plant
225 creatures vanquished.
